 Dungeon Crawl Stone Soup version 0.31-a0-358-gac0dbeb3ab (webtiles) character file.

Game seed: 2504453380320419016

12393 AdnanSaban the Basher (level 11, -8/68 HPs)
             Began as a Gargoyle Fighter on July 25, 2023.
             Was a High Priest of Okawaru.
             Mangled by Snorg (17 damage)
             ... on level 11 of the Dungeon.
             The game lasted 00:16:04 (12485 turns).

AdnanSaban the Basher (Gargoyle Fighter)           Turns: 12485, Time: 00:16:05

Health: -8/68      AC: 27    Str: 29    XL:     11   Next: 92%
Magic:  12/13      EV: 10    Int: 10    God:    Okawaru [*****.]
Gold:   650        SH:  6    Dex:  9    Spells: 10/10 levels left

rFire   . . .        E - +9 flail "Ogre's Regret" {venom, rPois rCorr Stlth-}
rCold   . . .        c - +0 buckler
rNeg    + . .        o - +0 plate armour
rPois   ∞            (no helmet)
rElec   +            e - +0 cloak
rCorr   +            (no gloves)
SInv    +            k - +0 pair of boots
Will    .....        (no amulet) Stlth
                     D - ring of see invisible
HPRegen 0.31/turn    K - +6 ring of strength
MPRegen 0.13/turn

%: no passive effects
@: heroic
A: sickness immunity, AC +8, negative energy resistance 1, electricity
resistance, torment resistance 1, petrification resistance
a: Renounce Religion, Heroism, Finesse, Duel


You were on level 11 of the Dungeon.
You worshipped Okawaru.
Okawaru was extremely pleased with you.
You visited 2 branches of the dungeon, and saw 13 of its levels.

You collected 650 gold pieces.

Inventory:

Hand Weapons
 E - the +9 flail "Ogre's Regret" (weapon) {venom, rPois rCorr Stlth-}
   (You found it on level 7 of the Dungeon)

   rPois:     It protects you from poison.
   rCorr:     It protects you from acid and corrosion.
   Stlth:     It makes you less stealthy.
Missiles
 b - 22 poisoned darts (quivered)
 z - 8 atropa-tipped darts
 A - 5 throwing nets
Armour
 c - a +0 buckler (worn)
 e - a +0 cloak (worn)
 k - a +0 pair of boots (worn)
 o - a +0 plate armour (worn)
Jewellery
 D - a ring of see invisible (left hand)
 K - a +6 ring of strength (right hand)
Wands
 p - a wand of paralysis (9)
 w - a wand of roots (28)
 y - a wand of polymorph (6)
 F - a wand of mindburst (13)
 M - a wand of flame (13)
Scrolls
 h - 5 scrolls of identify {unknown}
 i - a scroll of enchant weapon {unknown}
 j - 6 scrolls of teleportation {unknown}
 m - 2 scrolls of immolation {unknown}
 r - 2 scrolls of brand weapon {unknown}
 s - 3 scrolls of fog {unknown}
 v - a scroll of vulnerability {unknown}
 x - 5 scrolls of blinking {unknown}
 B - 3 scrolls of revelation {unknown}
 C - a scroll of poison {unknown}
 G - 2 scrolls of amnesia {unknown}
 H - a scroll of fear {unknown}
 J - a scroll of silence {unknown}
Potions
 a - a potion of lignification {unknown}
 d - a potion of might
 f - 3 potions of degeneration {unknown}
 g - 2 potions of brilliance {unknown}
 l - 4 potions of heal wounds {unknown}
 n - 8 potions of mutation {unknown}
 q - 5 potions of curing {unknown}
 t - a potion of magic {unknown}
 u - 3 potions of haste {unknown}
 I - a potion of attraction {unknown}
 L - a potion of ambrosia {unknown}


   Skills:
 + Level 8.2(13.2) Fighting
 + Level 10.9(15.9) Maces & Flails
 + Level 3.5(8.5) Throwing
 + Level 9.6(14.6) Armour
 + Level 1.2(6.2) Dodging
 + Level 7.0(12.0) Shields
 * Level 7.9(12.9) Unarmed Combat
 * Level 2.8 Invocations


You had 10 spell levels left.
You didn't know any spells.
Your spell library contained the following spells:

 Spells                   Type           Power      Damage    Failure   Level
 Apportation              Tloc           0%         N/A       94%         1
 Freeze                   Ice            0%         1d3       94%         1
 Necrotise                Necr           0%         1d4       94%         1
 Shock                    Conj/Air       0%         1d3       94%         1
 Passwall                 Tmut/Erth      0%         N/A       98%         2
 Frozen Ramparts          Ice            0%         1d1       100%        3
 Gell's Gravitas          Tloc           0%         N/A       100%        3
 Hailstorm                Conj/Ice       0%         3d3       100%        3
 Inner Flame              Hex/Fire       0%         N/A       100%        3
 Ozocubu's Armour         Ice            0%         N/A       100%        3
 Swiftness                Air            0%         N/A       100%        3
 Teleport Other           Tloc           0%         N/A       100%        3
 Volatile Blastmotes      Fire/Tloc      0%         2d10      100%        3
 Airstrike                Air            0%         2d(0-16)  100%        4
 Dispel Undead            Necr           0%         3d6       100%        4
 Flame Wave               Conj/Fire      0%         2d4       100%        4
 Fulminant Prism          Conj/Hex       0%         3d5       100%        4
 Iskenderun's Mystic Bla  Conj/Tloc      0%         2d3       100%        4
 Leda's Liquefaction      Hex/Erth       0%         N/A       100%        4
 Petrify                  Tmut/Erth      0%         N/A       100%        4
 Sticky Flame             Conj/Fire      0%         2d3       100%        4
 Metabolic Englaciation   Hex/Ice        0%         N/A       100%        5
 Dispersal                Tloc           0%         N/A       100%        6
 Summon Small Mammal      Summ           Unusable   N/A       N/A         1
 Cigotuvi's Dreadful Rot  Necr/Pois/Air  Unusable   N/A       N/A         2
 Animate Armour           Summ/Erth      Unusable   N/A       N/A         4
 Death Channel            Necr           Unusable   N/A       N/A         6
 Simulacrum               Ice/Necr       Unusable   N/A       N/A         6

Dungeon Overview and Level Annotations

Branches:
Dungeon (12/15)            Temple (1/1) D:7            Lair (0/5) D:11
    Orc (0/2) D:10

Altars:
Ashenzari
Cheibriados
Dithmenos
Elyvilon
Fedhas
Gozag
Hepliaklqana
Kikubaaqudgha
Makhleb
Nemelex Xobeh
Okawaru
Qazlal
Ru
Sif Muna
Trog
Uskayaw
Vehumet
Wu Jian
Xom
Yredelemnul
Zin
The Shining One

Shops:
D:9 (*

Portals:
Trove: D:11 (give 17 scrolls of teleportation)

Annotations:
D:3 1 runed translucent door, Crazy Yiuf
D:11 Snorg


Innate Abilities, Weirdness & Mutations

You are immune to sickness and miasma.
Your stone body is resilient. (AC +8)
You are immune to poison.
You resist negative energy. (rN+)
You are resistant to electric shocks. (rElec)
You are resistant to unholy torment.
You are immune to petrification.


Message History

There is a stone staircase leading down here.
You gain the combat prowess of a mighty hero.
Snorg bites you but does no damage. Snorg closely misses you.
Snorg barely misses you. Snorg bites you but does no damage. Snorg misses you.
Snorg closely misses you.
You bludgeon Snorg!!
Snorg is moderately wounded.
Snorg closely misses you. Snorg claws you. Snorg closely misses you.
You hit Snorg.
Snorg is poisoned.
Snorg is moderately wounded.
Snorg bites you. Snorg claws you but does no damage. Snorg claws you!
* * * LOW HITPOINT WARNING * * *
You bludgeon Snorg!!
Snorg looks as sick as possible!
Snorg is moderately wounded.
Snorg closely misses you. Snorg barely misses you.
Snorg claws you but does no damage.
You hit Snorg.
Snorg looks as sick as possible!
Snorg is heavily wounded.
Snorg bites you but does no damage. Snorg claws you but does no damage.
Snorg closely misses you.
You closely miss Snorg.
Snorg is heavily wounded.
Snorg bites you.
* * * LOW HITPOINT WARNING * * *
You block Snorg's attack. Snorg claws you but does no damage.
You bludgeon Snorg!!
Snorg looks as sick as possible!
Snorg is severely wounded.
Snorg completely misses you. Snorg barely misses you. Snorg closely misses you.
You hit Snorg.
Snorg looks as sick as possible!
Snorg is severely wounded.
Snorg misses you. Snorg claws you but does no damage. x2
You hit Snorg.
Snorg looks as sick as possible!
Snorg is severely wounded.
Snorg bites you.
* * * LOW HITPOINT WARNING * * *
Snorg claws you but does no damage. Snorg barely misses you.
You bludgeon Snorg!!
Snorg looks as sick as possible!
Snorg is almost dead.
You block Snorg's attack. x2; Snorg claws you!
You die...

....>...................#....#...
........................#....#...
#'#######################..###...
..................#........#.....
..................#........#.....
..................#........#.....
..................#..∩.....#.....
..................#........#.....
................@.#...>....#.....
................T.#........#.....
..................#........#.....
#################################


You could see Snorg (berserk, extremely poisoned).

Vanquished Creatures
  Harold (D:11)
  2 two-headed ogres
  2 cyclopes
  2 ugly things
  A kobold demonologist (D:10)
  3 trolls
  2 shadows
  2 wraiths
  A vampire (D:10)
  10 yaks
  A wyvern (D:7)
  A basilisk (D:11)
  A steam dragon (D:8)
  2 water moccasins
  2 sky beasts
  Duvessa (D:5)
  2 orc warriors
  3 black bears
  2 ice beasts (D:6)
  2 ogres
  9 centaurs
  A phantom (D:4)
  4 kobold brigands
  Blork the orc (D:5)
  A gnoll sergeant (D:6)
  3 bullfrogs
  3 scorpions
  4 wights (D:8)
  Dowan (D:5)
  30 killer bees
  6 hounds
  5 orc priests
  5 jellies
  A gnoll bouda (D:8)
  6 iguanas
  5 orc wizards
  20 gnolls
  11 adders
  A shadow imp (D:6)
  3 white imps
  An ufetubus (D:6)
  2 worms
  A dart slug (D:1)
  19 orcs
  7 endoplasms
  4 giant cockroaches
  9 goblins
  6 hobgoblins
  9 kobolds
  2 quokkas (D:2)
  3 ball pythons
  3 bats
  3 frilled lizards
  2 rats
234 creatures vanquished.

Notes
Turn   | Place    | Note
-------+----------+-------------------------------------------
     0 | D:1      | AdnanSaban the Gargoyle Fighter began the quest for the
                  | Orb.
     0 | D:1      | Reached XP level 1. HP: 14/14 MP: 1/1
    45 | D:1      | You fall into a shaft and drop 1 floor!
   114 | D:2      | Reached XP level 2. HP: 19/19 MP: 2/2
   223 | D:2      | Found a faded altar of an unknown god.
   241 | D:2      | Reached XP level 3. HP: 14/24 MP: 3/3
   332 | D:2      | Reached skill level 1 in Unarmed Combat
   481 | D:1      | Reached XP level 4. HP: 29/29 MP: 4/4
  1548 | D:3      | Reached XP level 5. HP: 13/33 MP: 5/5
  1919 | D:3      | Reached skill level 3 in Maces & Flails
  1962 | D:3      | Found a runed translucent door.
  1963 | D:3      | Noticed Crazy Yiuf
  2513 | D:3      | Reached XP level 6. HP: 14/39 MP: 6/6
  3172 | D:4      | Noticed a black bear
  3179 | D:4      | Killed a black bear
  3180 | D:4      | Reached skill level 4 in Maces & Flails
  3180 | D:4      | Reached XP level 7. HP: 44/44 MP: 7/7
  3264 | D:4      | Found a snail-covered altar of Cheibriados.
  3265 | D:4      | Found a white marble altar of Elyvilon.
  3266 | D:4      | Found a hazy altar of Hepliaklqana.
  3266 | D:4      | Found a sacrificial altar of Ru.
  3508 | D:4      | Reached skill level 5 in Fighting
  3508 | D:4      | Reached skill level 5 in Armour
  3811 | D:5      | Entered Level 5 of the Dungeon
  3914 | D:4      | Reached skill level 5 in Maces & Flails
  3914 | D:4      | Reached XP level 8. HP: 38/49 MP: 8/8
  4091 | D:5      | Noticed Duvessa
  4091 | D:5      | Noticed Dowan
  4370 | D:5      | Noticed a yak
  4747 | D:6      | Killed a yak
  4836 | D:5      | Killed Duvessa
  4842 | D:5      | Killed Dowan
  5068 | D:5      | Noticed a shadow
  5101 | D:5      | Killed a shadow
  5102 | D:5      | Reached skill level 6 in Maces & Flails
  5102 | D:5      | Reached skill level 1 in Throwing
  5240 | D:6      | Reached XP level 9. HP: 41/55 MP: 9/9
  5311 | D:6      | Noticed Blork the orc
  5476 | D:5      | Killed Blork the orc
  5477 | D:5      | Reached skill level 5 in Shields
  5783 | D:6      | Reached skill level 7 in Maces & Flails
  5788 | D:6      | Reached skill level 5 in Unarmed Combat
  6786 | D:7      | Identified the +9 flail "Ogre's Regret" {venom, rPois rCorr
                  | Stlth-}
  6853 | D:7      | Identified the +0 ring mail of Submission {Will+}
  6866 | D:7      | Reached skill level 1 in Dodging
  6946 | D:7      | Reached skill level 8 in Maces & Flails
  6946 | D:7      | Reached XP level 10. HP: 56/61 MP: 10/10
  7019 | D:7      | Found a radiant altar of Vehumet.
  7068 | D:7      | Found a staircase to the Ecumenical Temple.
  7143 | Temple   | Entered the Ecumenical Temple
  7161 | Temple   | Became a worshipper of Warmaster Okawaru
  7689 | D:8      | Reached * piety under Okawaru
  7939 | D:8      | Noticed a two-headed ogre
  7953 | D:8      | Killed a two-headed ogre
  7953 | D:8      | Reached ** piety under Okawaru
  7954 | D:8      | Reached skill level 9 in Maces & Flails
  8322 | D:8      | Reached *** piety under Okawaru
  8624 | D:9      | Found Viwogg's General Store.
  8869 | D:9      | Reached XP level 11. HP: 67/67 MP: 11/11
  8885 | D:9      | Reached skill level 10 in Maces & Flails
  9282 | D:9      | Found Muhosong's Weapon Shoppe.
  9391 | D:10     | Entered Level 10 of the Dungeon
  9442 | D:10     | Found a staircase to the Orcish Mines.
  9675 | D:10     | Found a shadowy altar of Dithmenos.
  9810 | D:10     | Found a large runed translucent door.
  9810 | D:10     | Found a large runed translucent door.
  9946 | D:10     | Identified the +9 dagger of Guile {chaos, rF- rN+ Int+3}
 10006 | D:10     | Found a shimmering altar of Xom.
 10006 | D:10     | Noticed a brown ugly thing
 10124 | D:10     | Killed a brown ugly thing
 10214 | D:10     | Reached **** piety under Okawaru
 10454 | D:11     | Noticed a cyclops
 10799 | D:11     | Killed a cyclops
 10898 | D:11     | Noticed Harold
 10920 | D:11     | Killed Harold
 10921 | D:11     | Reached skill level 1 in Invocations
 10995 | D:11     | Found a snail-covered altar of Cheibriados.
 11056 | D:11     | Got the Elucidation of Lithomancy
 11136 | D:11     | Found a portal to a secret trove of treasure.
 11706 | D:11     | Found a staircase to the Lair.
 11928 | D:12     | Noticed a two-headed ogre
 11933 | D:12     | Killed a two-headed ogre
 12371 | D:12     | Noticed a cyan ugly thing
 12387 | D:11     | Killed a cyan ugly thing
 12387 | D:11     | Reached ***** piety under Okawaru
 12410 | D:12     | Noticed a cyclops
 12416 | D:12     | Killed a cyclops
 12450 | D:12     | Noticed Snorg
 12485 | D:11     | Mangled by Snorg

Illustrated notes

Levels and vault maps discovered:
D:1:      lightli_molten_gateway, layout_basic
D:2:      layout_basic, hellmonk_ecumenical_altar_lost_god
D:3:      layout_loops_ring, uniq_crazy_yiuf_cottage
D:4:      layout_basic, mainiacjoe_overflow_alcove_3
D:5:      kennysheep_big_flooded_room, layout_rooms, uniq_duvessa
D:6:      layout_basic, st_stairs_3, uniq_blork_the_orc
D:7:      layout_gridville, fiery_altar_vehumet, temple_hall,
          hangedman_abyss_or_decor_passed, minmay_misc_feat_roman
D:8:      layout_basic
D:9:      layout_roguey, serial_shops, nicolae_shop_real_fake_doors,
          nicolae_shop_advertising_works [nicolae_subvault_shop_adworks]
D:10:     due_chaos_kobolds, layout_rooms, nicolae_dithmenos_the_darkroom
D:11:     layout_grid_maze, lair_entry_dummy, enter_trove_0,
          cheibrodos_worm_habitat, uniq_harold
D:12:     layout_basic, ebering_ghost_disaster_area, uniq_snorg
Temple:   nicolae_temple_superstar

Skill      XL: |  1  2  3  4  5  6  7  8  9 10 11 |
---------------+----------------------------------+-----
Unarmed Combat | 1 2 3 4 5 6 7 |  7.9
Fighting       | 4 5 6 7 8 |  8.2
Armour         | 4 5 6 7 8 9 |  9.6
Maces & Flails | 3 4 5 6 8 9 10 | 10.9
Shields        | 4 5 6 7 |  7.0
Throwing       | 1 2 3 |  3.5
Dodging        | 1 |  1.2
Invocations    | 2 |  2.8

Action                     |  1- 3 |  4- 6 |  7- 9 | 10-12 || total
---------------------------+-------+-------+-------+-------++-------
  Melee: Flail             |    58 |   194 |     6 |   326 ||   584
         Whip              |       |    12 |   502 |       ||   514
  Throw: Dart              |       |     6 |    30 |    40 ||    76
 Invoke: Heroism           |       |       |       |     1 ||     1
 Armour: Scale mail        |    50 |     9 |       |       ||    59
         Plate armour      |       |   176 |   359 |   291 ||   826
  Dodge: Dodged            |    45 |    78 |   132 |   156 ||   411
  Block: Buckler           |     9 |    51 |    83 |    84 ||   227

Table legend: (Time is in decaauts)
 A = Elapsed time spent in this place.
 B = Non-inter-level travel time spent in this place.
 C = Inter-level travel time spent in this place.
 D = Time resting spent in this place.
 E = Time spent auto-exploring this place.
 F = Levels seen in this place.
 G = Mean time per level.
                   A        B        C        D        E       F      G
               +--------+--------+--------+--------+--------+-----+--------+
         Total |  12485 |  11950 |    535 |   1656 |   7791 |  13 |  960.4 |
       Dungeon |  12448 |  11947 |    501 |   1656 |   7791 |  12 | 1037.3 |
        Temple |     36 |      2 |     34 |      0 |      0 |   1 |   36.0 |
               +--------+--------+--------+--------+--------+-----+--------+

Top non-repeatable levels by time:
     D:4: 1488 daAuts
    D:11: 1326 daAuts
     D:3: 1258 daAuts
     D:6: 1229 daAuts
     D:5: 1190 daAuts
    D:10: 1184 daAuts
     D:8: 951 daAuts
     D:9: 915 daAuts
     D:7: 882 daAuts
     D:1: 777 daAuts
     D:2: 697 daAuts
    D:12: 547 daAuts
  Temple: 36 daAuts
